 Dungeon Crawl Stone Soup version 0.32-a0-876-gcfddb08e57 (webtiles) character file.

Game seed: 8443193006774286374

12 Kenran the Ruffian (level 2, -2/23 HPs)
             Began as a Demigod Shapeshifter on Apr 1, 2024.
             Slain by an adder (3 damage)
             ... on level 2 of the Dungeon.
             The game lasted 00:01:20 (1197 turns).

Kenran the Ruffian (Demigod Shapeshifter)           Turns: 1197, Time: 00:01:21

Health: -2/23      AC:  2    Str: 15    XL:     2   Next: 9%
Magic:  4/4        EV: 11    Int: 12    God:
Gold:   80         SH:  0    Dex: 13    Spells: 1/1 levels left

rFire   . .          .
                       - Unarmed
rCold   . . .        (no shield)
rNeg    . . .        a - +0 animal skin
rPois   .            (helmet currently unavailable)
rElec   .            (cloak currently unavailable)
rCorr   .            (gloves currently unavailable)
SInv    .            (boots currently unavailable)
Will    .....        (no amulet)
Stlth   +            (no ring)
HPRegen 0.23/turn    (no ring)
MPRegen 0.09/turn

%: no passive effects
@: lethally poisoned (-2 -> -8), beast-form
A: beast (slay +1), high MP 1, forlorn, divine attributes
a: Begin Untransformation


You were on level 2 of the Dungeon.
You were a hulking beast.
You visited 1 branch of the dungeon, and saw 2 of its levels.

You collected 80 gold pieces.

Inventory:

Armour
 a - a +0 animal skin (worn)
 g - a +0 cloak
Talismans
 c - a beast talisman (active)
 d - a flux talisman
Scrolls
 b - a scroll of torment {unknown}
 e - a scroll of revelation {unknown}
 f - a scroll of fear {unknown}
 i - a scroll of enchant weapon {unknown}
Potions
 h - 2 potions of attraction {unknown}
 j - a potion of mutation {unknown}


   Skills:
 - Level 1.0 Fighting
 - Level 1.7 Dodging
 + Level 3.3 Unarmed Combat
 - Level 2.6 Shapeshifting


You had one spell level left.
You didn't know any spells.
Your spell library was empty.

Dungeon Overview and Level Annotations

Branches:
Dungeon (2/15)

Shops:
D:1 *

Annotations:
D:1 exclusion: downstairs


Innate Abilities, Weirdness & Mutations

You are a hulking beast.
Your limbs bulge with bestial killing power. (Slay +1)
You have an increased reservoir of magic. (+10% MP)
You shall have no god before yourself.
Your divine heritage dramatically boosts your attributes as you level up.


Message History

The adder bites you.
You miss the adder.
The adder is moderately wounded.
The adder closely misses you.
You miss the adder.
The adder is moderately wounded.
The adder bites you.
You are poisoned.
The adder poisons you!
You hit the adder.
The adder is heavily wounded.
You feel sick. The adder barely misses you.
You closely miss the adder.
The adder is heavily wounded.
You feel sick. The adder bites you.
You are more poisoned.
The adder poisons you! The adder closely misses you.
You hit the adder but do no damage.
The adder is heavily wounded.
You feel sick. The adder bites you.
You barely miss the adder.
The adder is heavily wounded.
You feel sick. The adder bites you.
You are lethally poisoned!
The adder poisons you! The frilled lizard closely misses you.
You closely miss the adder.
The adder is heavily wounded.
You feel sick. The adder closely misses you.
The frilled lizard bites you but does no damage.
You hit the adder but do no damage.
The adder is heavily wounded.
* * * LOW HITPOINT WARNING * * *
You feel sick. The adder bites you.
* * * LOW HITPOINT WARNING * * *
The frilled lizard barely misses you. The adder closely misses you.
You barely miss the adder.
The adder is heavily wounded.
* * * LOW HITPOINT WARNING * * *
You feel sick. The frilled lizard barely misses you. The adder bites you.
You die...

.## .. #....#.###
#.........##.####.###
#.........#.. #.... ##
#...........# ##### ...
#...........## ##
#..#.!.......#...######.
##...........# #.#.)....
##...........# #...#####
.......Sh....####...#
###.#..l...........######
#......................
#......#..#######..####
...#.#####..............
...... #########.....[
.....# #...... ..###
#######


You could see an adder and a frilled lizard.

Vanquished Creatures
  A ribbon worm (D:2)
  A ball python (D:1)
  2 endoplasms
  2 hobgoblins
  2 bats (D:2)
  A frilled lizard (D:1)
  A kobold (D:2)
10 creatures vanquished.

Notes
Turn   | Place    | Note
-------+----------+-------------------------------------------
     0 | D:1      | Kenran the Demigod Shapeshifter began the quest for the
                  | Orb.
     0 | D:1      | Reached XP level 1. HP: 15/15 MP: 3/3
    88 | D:1      | Reached skill level 1 in Fighting
   205 | D:1      | You fall into a shaft and drop 1 floor!
   219 | D:2      | Reached skill level 3 in Unarmed Combat
   536 | D:1      | Found Qops's Assorted Antiques.
  1139 | D:2      | Reached XP level 2. HP: 21/23 MP: 4/4
  1197 | D:2      | HP: 1/23 [poisoned by an adder]
  1197 | D:2      | Slain by an adder

Illustrated notes

Levels and vault maps discovered:
D:1:      kilobyte_arrival_exit_the_forest, layout_basic, serial_shops, shop,
          nrook_campfire, chequers_decorated_corner, roderic_serpentine_path,
          dk_noncrumbling_4
D:2:      layout_rooms, basic_altar, st_stairs_13, uniq_natasha

Skill      XL: |  1 |
---------------+----+-----
Fighting       | 1 |  1.0
Unarmed Combat | 3 |  3.3
Dodging        | |  1.7
Shapeshifting  | |  2.6

Action                     || total
---------------------------++-------
  Melee: Unarmed           ||    33
         Punch             ||     1
    Use: Potion            ||     1
 Armour: Animal skin       ||    21
         Skin              ||     1
  Dodge: Dodged            ||    20

Table legend: (Time is in decaauts)
 A = Elapsed time spent in this place.
 B = Non-inter-level travel time spent in this place.
 C = Inter-level travel time spent in this place.
 D = Time resting spent in this place.
 E = Time spent auto-exploring this place.
 F = Levels seen in this place.
 G = Mean time per level.
                   A        B        C        D        E       F      G
               +--------+--------+--------+--------+--------+-----+--------+
         Total |   1205 |   1168 |     37 |     86 |    933 |   2 |  602.5 |
       Dungeon |   1205 |   1168 |     37 |     86 |    933 |   2 |  602.5 |
               +--------+--------+--------+--------+--------+-----+--------+

Top non-repeatable levels by time:
     D:1: 1018 daAuts
     D:2: 187 daAuts
